 Dungeon Crawl Stone Soup version 0.31.0-12-g77e489cdc1 (webtiles) character file.

Game seed: 260570650629553429

77 Gadfly the Insei (level 4, 35/35 HPs)
             Began as a Demonspawn Monk on Feb 11, 2024.
             Quit the game on level 3 of the Dungeon.
             The game lasted 00:03:52 (2431 turns).

Gadfly the Insei (Demonspawn Monk)                  Turns: 2431, Time: 00:03:53

Health: 35/35      AC:  2    Str: 13    XL:     4   Next: 13%
Magic:  4/4        EV: 13    Int: 11    God:
Gold:   31         SH:  0    Dex: 15    Spells: 3/3 levels left

rFire   . .          .
                       - Unarmed
rCold   . . .        c - orb {light}
rNeg    . . .        d - +0 robe
rPois   .            (no helmet)
rElec   .            (no cloak)
rCorr   .            (no gloves)
SInv    .            (no boots)
Will    .....        (no amulet)
Stlth   +            (no ring)
HPRegen 0.25/turn    (no ring)
MPRegen 0.09/turn

%: no passive effects
@: glowing, very slow
A: powered by pain 1, weakness stinger 2
a: no special abilities


You were on level 3 of the Dungeon.
You visited 1 branch of the dungeon, and saw 3 of its levels.

You collected 112 gold pieces.
You spent 81 gold pieces at shops.

Inventory:

Hand Weapons
 g - a +0 falchion
Armour
 c - an orb of light (worn)
 d - a +0 robe (worn)
Wands
 b - a wand of flame (25) (quivered)
 k - a wand of iceblast (6)
Potions
 a - a potion of degeneration {unknown}
 e - a potion of heal wounds
 f - a potion of enlightenment
 h - 2 potions of lignification {unknown}
 i - a potion of curing {unknown}
 j - a potion of berserk rage {unknown}


   Skills:
 - Level 3.0 Fighting
 + Level 3.0 Dodging
 * Level 3.3 Unarmed Combat
 * Level 1.8 Evocations
 * Level 1.4 Shapeshifting


You had 3 spell levels left.
You didn't know any spells.
Your spell library was empty.

Dungeon Overview and Level Annotations

Branches:
Dungeon (3/15)

Altars:

Shops:
D:1 [   D:2 [*:*

Portals:
Sewer: D:3


Innate Abilities, Weirdness & Mutations

You sometimes gain a little power by taking damage.
You have a tail ending in a sharp stinger.


Message History

The adder closely misses you.
You hit the adder.
Your tail-slap misses the adder.
The adder is almost dead.
The adder bites you.
You punch the adder!
You kill the adder!
You have reached level 4!
You feel clever.
Your demonic ancestry asserts itself...
You feel energised by your suffering.
h - 2 gluggy clear potions (gained 1)
k - a wand of iceblast (6)
Found a ring mail.
Found a stone staircase leading up.
Found 15 gold pieces.
You open the door.
Found a quarterstaff.
There is an open door here.
You see here a +0 quarterstaff.
A bat comes into view.
An endoplasm comes into view.
The endoplasm quivers.
The bat closely misses you.
You barely miss the bat.
Your tail-slap misses the bat.
The bat closely misses you.
You barely miss the bat. You tail-slap the bat.
You kill the bat!
You hear the rusting of a drain.
You see here a bat corpse.
The endoplasm closely misses you.
You hit the endoplasm but do no damage. The endoplasm misses you.
You hit the endoplasm. You tail-slap the endoplasm.
You kill the endoplasm!
An adder comes into view.
Found a thick runed staff.
The adder hisses angrily.
You enter the shallow water.
Moving in this stuff is going to be slow.
Found a glowing drain.
You closely miss the adder. The adder misses you. The adder closely misses you.
Are you sure you want to abandon this character and quit the game? (Confirm with "yes".)

... #.# ... .. #
##.# # #..#
#######.############
'..)....†..........#
######..######.....#
.......##########..#
######.# ∩~~~~~S@..#
..# ########..# #.##
...# .. ...# .##
....# #+#.# |# ..


You could see an adder.

Vanquished Creatures
  Jessica (D:2)
  An adder (D:3)
  3 ribbon worms (D:2)
  2 endoplasms
  A giant cockroach (D:2)
  3 goblins (D:2)
  2 hobgoblins
  2 jackals (D:1)
  2 quokkas (D:2)
  4 ball pythons
  4 bats
  3 frilled lizards (D:2)
  3 kobolds
  3 rats
34 creatures vanquished.

Notes
Turn   | Place    | Note
-------+----------+-------------------------------------------
     0 | D:1      | Gadfly the Demonspawn Monk began the quest for the Orb.
     0 | D:1      | Reached XP level 1. HP: 18/18 MP: 1/1
    93 | D:1      | You fall into a shaft and drop 1 floor!
   105 | D:2      | Noticed Jessica
   122 | D:2      | Killed Jessica
   123 | D:2      | Reached skill level 1 in Evocations
   123 | D:2      | Gained mutation: You have a small tail. [demonic ancestry]
   123 | D:2      | Reached XP level 2. HP: 22/24 MP: 2/2
   136 | D:2      | Found Tiorinn's Distillery.
   191 | D:2      | Reached skill level 1 in Shapeshifting
   197 | D:2      | Gained mutation: You have a tail ending in a sharp stinger.
                  | [demonic ancestry]
   197 | D:2      | Reached XP level 3. HP: 29/29 MP: 3/3
   333 | D:2      | Found a faded altar of an unknown god.
   333 | D:2      | Found Keczoh's Book Shop.
   721 | D:2      | Found Roagomi's Armour Emporium.
   822 | D:2      | Found Xaatidi's Assorted Antiques.
   864 | D:2      | Bought a murky amethyst potion for 28 gold pieces
   988 | D:2      | Found Upriv's Assorted Antiques.
  1174 | D:1      | Found Zirec's Armour Shop.
  2131 | D:2      | Bought a puce potion for 25 gold pieces
  2185 | D:2      | Bought a murky orange potion for 28 gold pieces
  2379 | D:3      | Gained mutation: You sometimes gain a little power by
                  | taking damage. [demonic ancestry]
  2379 | D:3      | Reached XP level 4. HP: 30/35 MP: 4/4
  2429 | D:3      | Found a glowing drain.
  2431 | D:3      | Quit the game

Illustrated notes

Levels and vault maps discovered:
D:1:      lightli_molten_gateway, layout_loops_corners, serial_shops,
          nicolae_shop_behind_doors
D:2:      layout_loops_ring, serial_shops, shop, nicolae_shop_hallway_stairs,
          shop, nicolae_shop_hallway_stairs, nicolae_shop_advertising_works
          [nicolae_subvault_shop_adworks], ebering_ecumenical_altar_webs,
          feat_on_display, uniq_jessica
D:3:      layout_basic, portal_sewer_entry_d, uniq_robin, uniq_terence

Skill      XL: |  1  2  3 |
---------------+----------+-----
Unarmed Combat | 3 |  3.3
Evocations     | 1 |  1.8
Shapeshifting  | 1 |  1.4
Dodging        | 3 |  3.0
Fighting       | |  3.0

Action                     |  1- 3 |  4- 6 || total
---------------------------+-------+-------++-------
  Melee: Unarmed           |    99 |     5 ||   104
         Tailslap          |    14 |     2 ||    16
    Use: Potion            |     3 |       ||     3
         Scroll            |     3 |       ||     3
 Armour: Robe              |    45 |       ||    45
  Dodge: Dodged            |    51 |     6 ||    57
